 Seeded DCSS version 0.30-a0-949-g53dc5368d7 (webtiles) character file.

Game seed: 20230327 (custom seed)

319 Juicyj the Trooper (level 6, -2/56 HPs)
             Began as a Minotaur Fighter on Mar 27, 2023.
             Slain by a mummy (11 damage)
             ... in an ossuary.
             The game lasted 00:02:19 (2187 turns).

Juicyj the Trooper (Minotaur Fighter)               Turns: 2187, Time: 00:02:20

Health: -2/56      AC: 27    Str: 23    XL:     6   Next: 21%
Magic:  5/5        EV:  7    Int:  5    God:
Gold:   122        SH:  4    Dex:  9    Spells: 5/5 levels left

rFire   . . .      SeeInvis .    a - +0 war axe
rCold   . . .      Faith    .    c - +0 buckler
rNeg    . . .      Spirit   .    v - +18 Lear's hauberk
rPois   .          Reflect  .    (helmet currently unavailable)
rElec   .          Rampage  .    (no cloak)
rCorr   .                        (gloves currently unavailable)
Will    .....                    (boots currently unavailable) Stlth
                                 (no amulet)
HPRegen 0.29/turn                (no ring)
MPRegen 0.09/turn                (no ring)

@: no status effects
A: horns 2, retaliatory headbutt
a: no special abilities


You were in an ossuary.
You visited 1 branch of the dungeon, and saw 4 of its levels.
You also visited: Ossuary.

You collected 122 gold pieces.

Inventory:

Hand Weapons
 a - a +0 war axe (weapon)
Armour
 b - a +0 scale mail
 c - a +0 buckler (worn)
 v - the +18 Lear's hauberk (worn)
   (You found it on level 4 of the Dungeon)
Jewellery
 j - a ring of fire
Scrolls
 g - 3 scrolls of enchant armour {unknown}
 i - 3 scrolls of identify {unknown}
 k - 2 scrolls of immolation {unknown}
 l - 2 scrolls of blinking {unknown}
 p - a scroll of fog {unknown}
 q - a scroll of magic mapping {unknown}
 r - 2 scrolls of poison {unknown}
 u - a scroll of torment {unknown}
Potions
 d - a potion of might
 e - 3 potions of curing {unknown}
 f - a potion of invisibility {unknown}
 h - 2 potions of degeneration {unknown}
 m - a potion of flight {unknown}
 n - 3 potions of brilliance {unknown}
 o - 2 potions of lignification {unknown}
 s - 2 potions of heal wounds {unknown}
 t - a potion of berserk rage {unknown}


   Skills:
 + Level 5.3 Fighting
 + Level 4.4 Axes
 + Level 5.2 Armour
 + Level 5.3 Shields


You had 5 spell levels left.
You didn't know any spells.
Your spell library contained the following spells:

 Spells                   Type           Power      Damage    Failure   Level
 Sting                    Tmut/Pois      0%         1d3       99%         1
 Poisonous Vapours        Pois/Air       0%         N/A       100%        2
 Olgreb's Toxic Radiance  Pois           0%         N/A       100%        4
 Borgnjor's Revivificati  Necr           0%         N/A       100%        8
 Necromutation            Tmut/Necr      0%         N/A       100%        8
 Death's Door             Necr           0%         N/A       100%        9


Dungeon Overview and Level Annotations

Branches:
Dungeon (4/15)            Ossuary (1/1)
 Temple: D:4-7

Altars:
Elyvilon

Shops:
D:1 *=:*=


Innate Abilities, Weirdness & Mutations

You have a pair of horns on your head.
You reflexively headbutt those who attack you in melee.


Message History

The wyvern zombie barely misses you. You block the wyvern zombie's attack.
You completely miss the wyvern zombie.
The wyvern zombie is moderately damaged.
The wyvern zombie bites you.
* * * LOW HITPOINT WARNING * * *
The wyvern zombie bites you but does no damage.
You slash the wyvern zombie!
The wyvern zombie is heavily damaged.
The wyvern zombie bites you.
* * * LOW HITPOINT WARNING * * *
The wyvern zombie bites you but does no damage.
You hit the wyvern zombie. You headbutt the wyvern zombie.
The wyvern zombie is severely damaged.
The wyvern zombie bites you but does no damage.
You slash the wyvern zombie!
The wyvern zombie is almost destroyed.
The wyvern zombie bites you but does no damage.
A howler monkey zombie comes into view.
The wyvern zombie closely misses you. You furiously retaliate!
You headbutt the wyvern zombie!
You destroy the wyvern zombie!
A mummy comes into view.
You have reached level 6!
You slash the howler monkey zombie!
Your headbutt misses the howler monkey zombie.
The howler monkey zombie is moderately damaged.
The howler monkey zombie hits you but does no damage.
You barely miss the mummy. You hit the mummy.
The mummy is lightly damaged.
You slash the mummy!
The mummy is heavily damaged.
You block the mummy's attack.
You hit the mummy.
The mummy is severely damaged.
The mummy hits you but does no damage.
You barely miss the mummy.
The mummy is severely damaged.
The mummy hits you!
You die...

##### #..∩#
#.∩.# #.@.#
##M##
+...Z...Z...
#+#'#'#M#'#+
#. .# # ##
##


You could see a mummy and a howler monkey zombie.

Vanquished Creatures
  A wyvern zombie (Ossuary)
  A bullfrog zombie (Ossuary)
  2 killer bee zombies (Ossuary)
  6 mummies
  A howler monkey zombie (Ossuary)
  2 adders (D:3)
  A worm (D:2)
  A dart slug (D:1)
  3 ball pythons (D:1)
  6 bats
  3 endoplasms
  4 giant cockroaches
  9 goblins
  6 hobgoblins
  2 jackals (D:2)
  A quokka (D:1)
  3 frilled lizards
  6 kobolds
  4 rats
62 creatures vanquished.

Vanquished Creatures (others)
  A withered plant (Ossuary)
1 creature vanquished.

Grand Total: 63 creatures vanquished

Notes
Turn   | Place    | Note
-------+----------+-------------------------------------------
     0 | D:1      | Juicyj the Minotaur Fighter began the quest for the Orb.
     0 | D:1      | Reached XP level 1. HP: 19/19 MP: 0/0
     4 | D:1      | Found Xoclunid's Book Emporium.
    29 | D:1      | Found Aqium's General Store.
   150 | D:1      | Reached XP level 2. HP: 26/27 MP: 1/1
   164 | D:1      | Found a faded altar of an unknown god.
   234 | D:1      | Found Muif's Jewellery Shop.
   313 | D:1      | Found Wostryiz's General Store.
   535 | D:1      | Found Uvvotic's Jewellery Boutique.
   553 | D:1      | Reached XP level 3. HP: 33/33 MP: 2/2
   966 | D:2      | Found a white marble altar of Elyvilon.
  1808 | D:3      | Reached XP level 4. HP: 41/41 MP: 3/3
  2066 | D:4      | Found the +18 Lear's hauberk
  2115 | D:4      | Found a sand-covered staircase.
  2126 | Ossuary  | Entered an ossuary
  2148 | Ossuary  | Reached XP level 5. HP: 17/47 MP: 4/4
  2160 | Ossuary  | Reached skill level 5 in Fighting
  2160 | Ossuary  | Reached skill level 5 in Shields
  2163 | Ossuary  | Reached skill level 5 in Armour
  2181 | Ossuary  | Reached XP level 6. HP: 6/56 MP: 5/5
  2187 | Ossuary  | Slain by a mummy

Illustrated notes

Levels and vault maps discovered:
D:1:      doesnt_arrival_eight_statues, layout_basic, serial_shops,
          nicolae_shop_advertising_works [nicolae_subvault_shop_adworks], shop,
          nicolae_lakefront_shop, shop, shop,
          shapermc_ecumenical_altar_notcrosses
D:2:      minmay_spotlight, layout_basic, basic_altar
D:3:      layout_loops_cross, st_stairs_7
D:4:      layout_basic, nicolae_qazlal_style_of_elements,
          gup_ossuary_entry_pyramid, uniq_eustachio, uniq_natasha, uniq_pikel,
          uniq_duvessa
Ossuary:  ossuary_zaba_flooded

Skill      XL: |  1  2  3  4  5 |
---------------+----------------+-----
Fighting       | 4 5 |  5.3
Shields        | 4 5 |  5.3
Armour         | 4 5 |  5.2
Axes           | 3 4 |  4.4

Action                     |  1- 3 |  4- 6 || total
---------------------------+-------+-------++-------
  Melee: War axe           |   109 |    61 ||   170
         Headbutt          |    13 |     9 ||    22
 Armour: Scale mail        |    52 |     6 ||    58
         Chain mail        |       |    27 ||    27
  Dodge: Dodged            |    50 |    19 ||    69
  Block: Buckler           |    24 |    14 ||    38

Table legend: (Time is in decaauts)
 A = Elapsed time spent in this place.
 B = Non-inter-level travel time spent in this place.
 C = Inter-level travel time spent in this place.
 D = Time resting spent in this place.
 E = Time spent auto-exploring this place.
 F = Levels seen in this place.
 G = Mean time per level.
                   A        B        C        D        E       F      G
               +--------+--------+--------+--------+--------+-----+--------+
         Total |   2250 |   2223 |     27 |      0 |   1797 |   5 |  450.0 |
       Dungeon |   2173 |   2146 |     27 |      0 |   1790 |   4 |  543.2 |
       Ossuary |     76 |     76 |      0 |      0 |      7 |   1 |   76.0 |
               +--------+--------+--------+--------+--------+-----+--------+

Top non-repeatable levels by time:
     D:1: 873 daAuts
     D:2: 635 daAuts
     D:3: 602 daAuts
 Ossuary: 76 daAuts
     D:4: 61 daAuts
